 Dungeon Crawl Stone Soup version 0.31-a0-774-g0d66cbabe8 (webtiles) character file.

Game seed: 8161494671064046404

1070 DocEon the Spear-Bearer (level 8, -4/84 HPs)
             Began as a Merfolk Gladiator on Sept 18, 2023.
             Was an Initiate of Okawaru.
             Slain by a troll (12 damage)
             ... on level 5 of the Dungeon.
             The game lasted 00:07:11 (4575 turns).

DocEon the Spear-Bearer (Merfolk Gladiator)         Turns: 4575, Time: 00:07:11

Health: -4/84      AC: 24    Str: 14    XL:     8   Next: 28%
Magic:  8/8        EV:  2    Int: 10    God:    Okawaru [......]
Gold:   960        SH:  0    Dex: 15    Spells: 4/7 levels left

rFire   . . .        a - +0 trident
rCold   . . .        (no shield)
rNeg    . . .        o - melded +1 robe {Will+}
rPois   +            c - melded +0 helmet
rElec   .            (cloak currently unavailable)
rCorr   .            (gloves currently unavailable)
SInv    .            (boots currently unavailable)
Will    .....        g - amulet of the acrobat
Stlth   +            j - +5 ring of evasion
HPRegen 0.34/turn    (no ring)
MPRegen 0.11/turn

%: acrobat
@: tree-form
A: stationary, stasis, torment immunity, boosted hp, (nimble swimmer 2),
(mertail)
a: Renounce Religion


You were on level 5 of the Dungeon.
You worshipped Okawaru.
Okawaru was noncommittal.
You were a tree.
You visited 1 branch of the dungeon, and saw 5 of its levels.

You collected 1200 gold pieces.
You spent 240 gold pieces at shops.

Inventory:

Hand Weapons
 a - a +0 trident (weapon)
Missiles
 d - 3 throwing nets (quivered)
 e - a javelin
 r - 8 poisoned darts
 s - 2 boomerangs
Armour
 c - a +0 helmet (melded)
 o - a +1 robe of willpower (melded)
Jewellery
 g - an amulet of the acrobat (around neck)
 j - a +5 ring of evasion (left branch)
 u - a ring of fire
Wands
 v - a wand of polymorph (10)
Scrolls
 f - 2 scrolls of immolation
Potions
 i - a potion of cancellation
 k - a potion of might
 l - a potion of mutation
 m - a potion of ambrosia
 n - 2 potions of curing
 p - a potion of heal wounds
 q - a potion of haste {unknown}
 t - a potion of enlightenment {unknown}


   Skills:
 - Level 2.1 Fighting
 * Level 12.8 Polearms
 - Level 2.0 Throwing
 - Level 4.0 Dodging


You had 4 spell levels left.
You knew the following spells:

 Your Spells              Type           Power      Damage    Failure   Level
a - Ozocubu's Armour      Ice            0%         N/A       75%         3

Your spell library contained the following spells:

 Spells                   Type           Power      Damage    Failure   Level
 Apportation              Tloc           0%         N/A       36%         1
 Foxfire                  Conj/Fire      0%         2x1d4     36%         1
 Cigotuvi's Dreadful Rot  Necr/Pois/Air  0%         N/A       50%         2
 Jinxbite                 Hex            0%         N/A       50%         2
 Momentum Strike          Conj/Tloc      0%         3d8       50%         2
 Searing Ray              Conj           0%         2d4       50%         2
 Ignite Poison            Fire/Tmut/Pois 0%         N/A       75%         3
 Iskenderun's Mystic Bla  Conj/Tloc      0%         2d3       98%         4
 Manifold Assault         Tloc           0%         N/A       98%         4
 Alistair's Intoxication  Tmut/Pois      0%         N/A       100%        5
 Freezing Cloud           Conj/Ice/Air   0%         6-21      100%        5
 Dispersal                Tloc           0%         N/A       100%        6
 Plasma Beam              Fire/Air       0%         2x1d10    100%        6
 Starburst                Conj/Fire      0%         6d3       100%        6
 Ozocubu's Refrigeration  Ice            0%         4d7       100%        7
 Disjunction              Tloc           0%         N/A       100%        8
 Summon Ice Beast         Ice/Summ       Unusable   N/A       N/A         4

Dungeon Overview and Level Annotations

Branches:
Dungeon (5/15)
 Temple: D:4-7

Altars:
Okawaru
Ru
Trog
Uskayaw
Zin

Shops:
D:1 !   D:4 *


Innate Abilities, Weirdness & Mutations

You are a tree.
Your roots penetrate the ground, keeping you stationary.
You cannot be teleported.
You are immune to unholy pain and torment.
Your maximum health is greatly increased.
Your equipment is partially melded.
((You are very nimble when in or above water. (Stealth+, EV+, Speed+++)))
((Your lower body shifts to a powerful aquatic tail in water.))


Message History

The troll misses you.
There is an open door here.
There is an open door here.
There is an open door here.
You flicker for a moment.
The troll closely misses you. The troll completely misses you. x2
You hit the troll.
The troll is lightly wounded.
You hit the troll.
The troll is lightly wounded.
The troll misses you. x3
You puncture the troll!
The troll is moderately wounded.
You barely miss the troll.
The troll is moderately wounded.
You flicker back into view.
The troll closely misses you. The troll claws you. The troll claws you!
* * * LOW HITPOINT WARNING * * *
You hit the troll but do no damage.
The troll is moderately wounded.
The troll closely misses you. x2; The troll claws you but does no damage.
You turn into a tree.
Your +0 helmet melds into your body.
Your +1 robe of willpower melds into your body.
You feel less strong-willed.
Your roots penetrate the ground.
The troll bites you.
* * * LOW HITPOINT WARNING * * *
The troll claws you but does no damage. The troll claws you.
* * * LOW HITPOINT WARNING * * *
You hit the troll.
The troll is moderately wounded.
You hit the troll. Your punch misses the troll.
The troll is heavily wounded.
The troll bites you.
* * * LOW HITPOINT WARNING * * *
The troll claws you but does no damage. The troll claws you.
* * * LOW HITPOINT WARNING * * *
You closely miss the troll.
The troll is moderately wounded.
The troll bites you!
You die...

...# #...######+# #.#..~~~..#..
...####...# #.#..~...~..#.
...'..#...# ..#...~._.~...#
...##.#...#########..#..~...~..#.
...##.'...'......##...#..~~~..#.#
...####8..8#####.##..#.#######.##
...+ #......# #.##..............
...# ###..######.##########.#####
...# #....⌠#...♣T...............
...# ##..######.################
...# .... #.#...#..........# ####
##..## #.#.#............# ....
#.#.############## #..#
#.#..........# # ....
#.##########.# # #.# #.# # #.#
#######.# #


You could see a troll.

Vanquished Creatures
  Sigmund (D:2)
  An ice beast (D:5)
  An ogre (D:4)
  A phantom (D:5)
  A bullfrog (D:4)
  A scorpion (D:3)
  3 hounds (D:3)
  2 jellies (D:4)
  An orc priest (D:4)
  A sleepcap (D:5)
  An iguana (D:4)
  Jessica (D:2)
  Natasha (thrice) (D:4)
  An orc wizard (D:4)
  Robin (D:2)
  5 adders
  2 white imps (D:5)
  3 worms
  3 dart slugs
  An orc (D:4)
  2 ball pythons
  7 bats
  7 endoplasms
  2 giant cockroaches (D:2)
  6 goblins
  8 hobgoblins
  19 jackals
  2 quokkas
  2 frilled lizards
  7 kobolds
  6 rats
102 creatures vanquished.

Notes
Turn   | Place    | Note
-------+----------+-------------------------------------------
     0 | D:1      | DocEon the Merfolk Gladiator began the quest for the Orb.
     0 | D:1      | Reached XP level 1. HP: 16/16 MP: 1/1
   263 | D:1      | Reached XP level 2. HP: 22/22 MP: 2/2
   404 | D:1      | Reached skill level 5 in Polearms
   428 | D:1      | Found Enemaig's Distillery.
   607 | D:2      | Reached XP level 3. HP: 26/27 MP: 3/3
   620 | D:2      | Noticed Jessica
   643 | D:2      | Killed Jessica
   644 | D:2      | Reached skill level 6 in Polearms
   677 | D:2      | Reached XP level 4. HP: 33/33 MP: 4/4
   795 | D:2      | Noticed Robin
   821 | D:2      | Killed Robin
  1183 | D:2      | Identified a scroll of acquirement
  1183 | D:2      | Acquired 998 gold pieces
  1447 | D:2      | Reached skill level 7 in Polearms
  1499 | D:2      | Noticed Sigmund
  1511 | D:2      | Killed Sigmund
  1512 | D:2      | Reached skill level 8 in Polearms
  1512 | D:2      | Reached XP level 5. HP: 38/38 MP: 5/5
  1512 | D:2      | Reached XP level 6. HP: 44/44 MP: 6/6
  1684 | D:1      | Bought a potion of might for 48 gold pieces
  1684 | D:1      | Bought a potion of mutation for 96 gold pieces
  1684 | D:1      | Bought a potion of curing for 36 gold pieces
  1914 | D:3      | Reached skill level 9 in Polearms
  1931 | D:3      | Found a hide-covered altar of Uskayaw.
  1931 | D:3      | Noticed a +0 short sword
  1931 | D:3      | Noticed a +0 dagger
  1932 | D:3      | Noticed a +0 spear
  1932 | D:3      | Noticed a +0 short sword
  1933 | D:3      | Noticed a +0 spear
  1933 | D:3      | Noticed a +0 dagger
  1934 | D:3      | Noticed a +0 falchion
  1934 | D:3      | Noticed a +0 falchion
  2383 | D:3      | Found a glowing silver altar of Zin.
  2727 | D:3      | Reached skill level 10 in Polearms
  2727 | D:3      | Reached XP level 7. HP: 24/50 MP: 7/7
  2858 | D:4      | Noticed Natasha
  2870 | D:4      | Killed Natasha
  2876 | D:4      | Noticed Natasha
  2885 | D:4      | Killed Natasha
  2955 | D:4      | Noticed Natasha
  2970 | D:4      | Killed Natasha
  3146 | D:4      | Reached skill level 11 in Polearms
  3318 | D:4      | Found Gemnaj's General Store.
  3337 | D:4      | Bought a potion of curing for 36 gold pieces
  3337 | D:4      | Bought a scroll of identify for 24 gold pieces
  3516 | D:4      | Reached XP level 8. HP: 56/56 MP: 8/8
  3529 | D:4      | Found a bloodstained altar of Trog.
  3529 | D:4      | Found an iron altar of Okawaru.
  3532 | D:4      | Became a worshipper of Warmaster Okawaru
  3796 | D:4      | Learned a level 3 spell: Ozocubu's Armour
  3812 | D:5      | Entered Level 5 of the Dungeon
  3827 | D:5      | Reached skill level 12 in Polearms
  4335 | D:5      | Got ancient book
  4349 | D:5      | Found a sacrificial altar of Ru.
  4536 | D:5      | Noticed a troll
  4575 | D:5      | Slain by a troll

Illustrated notes

Levels and vault maps discovered:
D:1:      dpeg_arrival_rooms_b, layout_basic, serial_shops, shop
D:2:      layout_loops_ring, uniq_jessica, uniq_robin, uniq_sigmund
D:3:      layout_basic, nicolae_overflow_crystal_walls,
          nicolae_uskayaw_en_pointe, grunt_decor_one_mirror,
          kennysheep_generic_room_12
D:4:      layout_rooms, gammafunk_temple_overflow_elements, serial_shops,
          nicolae_diamond_shop, uniq_natasha
D:5:      layout_basic, minitemple, nicolae_ru_awakened_eye

Skill      XL: |  1  2  3  4  5  6  7  8 |
---------------+-------------------------+-----
Polearms       | 5 6 8 10 11 12 | 12.8
Fighting       | |  2.1
Throwing       | |  2.0
Dodging        | |  4.0

Action                     |  1- 3 |  4- 6 |  7- 9 || total
---------------------------+-------+-------+-------++-------
  Melee: Trident           |    87 |   186 |   188 ||   461
         Punch             |       |       |     1 ||     1
  Throw: Dart              |       |       |     1 ||     1
    Use: Scroll            |     8 |     3 |     3 ||    14
         Potion            |       |     2 |     3 ||     5
   Stab: Sleeping          |     1 |     2 |     1 ||     4
 Armour: Leather armour    |    22 |    60 |    15 ||    97
         Skin              |       |       |    33 ||    33
         Robe              |       |       |    21 ||    21
  Dodge: Dodged            |    62 |   131 |    94 ||   287

Table legend: (Time is in decaauts)
 A = Elapsed time spent in this place.
 B = Non-inter-level travel time spent in this place.
 C = Inter-level travel time spent in this place.
 D = Time resting spent in this place.
 E = Time spent auto-exploring this place.
 F = Levels seen in this place.
 G = Mean time per level.
                   A        B        C        D        E       F      G
               +--------+--------+--------+--------+--------+-----+--------+
         Total |   4518 |   4299 |    219 |    723 |   2694 |   5 |  903.6 |
       Dungeon |   4518 |   4299 |    219 |    723 |   2694 |   5 |  903.6 |
               +--------+--------+--------+--------+--------+-----+--------+

Top non-repeatable levels by time:
     D:4: 1055 daAuts
     D:3: 989 daAuts
     D:2: 920 daAuts
     D:1: 812 daAuts
     D:5: 740 daAuts
